AoeStats
← rodrigolbs

Arabian Desert

509486759Analyzed
1v1 RM · 7d ago on Sep 26, 2026· 38m 52s· 2 players
Game mode
Random Map
Map size
Tiny (2 player)
Population
200
Speed
Normal
Resources
Standard
Victory
Conquest
Starting age
Dark Age
Ending age
Imperial Age
RankedLock teamsTeams togetherTeam positionsShared explorationLock speedFull tech treeHidden civsTurbo modeCheats
Victory
Defeat
🇨🇱 Dravidians · Chile
1056
+15
🇺🇸 Danes · United States
1034
-15
tommy mayer
7:58 Loom
8:16 Loom
10:02 Feudal Age
10:27 Man-at-Arms
10:57 Double-Bit Axe
10:56 Horse Collar
19:32 Arson
22:19 Castle Age
20:21 Fletching
22:09 Scale Mail Armor
22:30 Long Swordsman
23:14 Squires
23:03 Gambesons
24:06 Wheelbarrow
26:16 Bow Saw
28:57 Chain Mail Armor
29:41 Elite Skirmisher
31:26 Gold Mining
36:02 Bodkin Arrow
36:20 Forging
41:48 Imperial Age
rodrigolbs
6:40 Loom
9:34 Feudal Age
11:08 Double-Bit Axe
11:32 Man-at-Arms
16:45 Wheelbarrow
16:52 Forging
20:08 Castle Age
19:38 Fletching
20:11 Crossbowman
20:45 Gold Mining
21:36 Bodkin Arrow
22:42 Bow Saw
26:26 Thumb Ring
28:46 Ballistics
32:01 Padded Archer Armor
34:39 Scale Barding Armor
36:47 Chain Barding Armor
36:43 Leather Archer Armor
Connection lost

Rejoining the realm…

Still unreachable

The connection could not be restored.

Session expired

The server has moved on; the page needs a fresh start.